 Dungeon Crawl Stone Soup version 0.20.1-1-g8b1a95d (webtiles) character file.

101 Nattfarinn the Stinger (level 4, -2/27 HPs)
             Began as an Octopode Venom Mage on Sept 29, 2017.
             Slain by a kobold (4 damage)
             ... on level 2 of the Dungeon.
             The game lasted 00:07:09 (2725 turns).

Nattfarinn the Stinger (Octopode Venom Mage)        Turns: 2725, Time: 00:07:10

Health: -2/27      AC:  1    Str:  7    XL:     4   Next: 75%
Magic:  14/17      EV: 13    Int: 16    God:
Gold:   107        SH:  0    Dex: 12    Spells: 7/8 levels left

rFire    + . .     SeeInvis .   (no weapon)
rCold    . . .     Gourm    .   (no shield)
rNeg     . . .     Faith    .   (helmet restricted)
rPois    .         Spirit   .   l - amulet of regeneration
rElec    .         Reflect  .   n - ring of magical power
rCorr    .         Harm     .   (no ring)
MR       .....                  (no ring)
Stlth    +++.......             (no ring)
Regen    0.5/turn               (no ring)
MPRegen  0.2/turn               (no ring)
                                (no ring)
                                (no ring)

@: hasted, very quick
A: almost no armour, stealthy swim, amphibious, 8 rings, constrict 8, camouflage
1, dopey 1, fire resistance 1, gelatinous body 1
a: no special abilities


You were on level 2 of the Dungeon.
You were not hungry.

You visited 1 branch of the dungeon, and saw 3 of its levels.

You collected 107 gold pieces.

Inventory:

Jewellery
 l - an amulet of regeneration (around mantle)
 n - a ring of magical power (left tentacle)
Scrolls
 d - 3 scrolls of identify {unknown}
 e - 3 scrolls of remove curse {unknown}
 h - a scroll of noise {unknown}
 k - 2 scrolls of teleportation {unknown}
Potions
 c - 2 potions of agility {unknown}
 f - 2 potions of haste
 i - a potion of resistance {unknown}
 m - a potion of curing {unknown}
Books
 a - a Young Poisoner's Handbook

   Spells                             Type                      Level
   a - Sting                          Conjuration/Poison           1
   b - Poisonous Vapours              Poison/Air                   2
   c - Mephitic Cloud                 Conjuration/Poison/Air       3
   d - Olgreb's Toxic Radiance        Poison                       4
   e - Venom Bolt                     Conjuration/Poison           5
Comestibles
 b - 4 bread rations
 g - a meat ration


   Skills:
 - Level 2.0 Dodging
 - Level 2.6 Stealth
 * Level 2.9 Spellcasting
 * Level 1.8 Conjurations
 * Level 5.3 Poison Magic


You had 7 spell levels left.
You knew the following spells:

 Your Spells              Type           Power        Failure   Level  Hunger
a - Sting                 Conj/Pois      ##..         4%          1    #......


Dungeon Overview and Level Annotations

Branches:
Dungeon (3/15)

Altars:
Elyvilon
Fedhas
Hepliaklqana
Makhleb
Ru


Innate Abilities, Weirdness & Mutations

You cannot wear most types of armour.
You are very stealthy in the water. (Stealth+)
You are amphibious.
You can wear up to eight rings at the same time.
You can use your tentacles to constrict eight enemies at once.
Your skin changes colour to match your surroundings (Stealth+).
Your rubbery body absorbs attacks. (AC +1, EV +1)
You are dopey. (Int -2)
Your flesh is heat resistant. (rF+)


Message History

You are too injured to fight recklessly!
It was a potion of haste.
You feel yourself speed up. The kobold closely misses you.
The orc closely misses you.
Casting: Sting
Confirm with . or Enter, or press ? or * to list all spells.
Aiming: Sting
Press: ? - help, Shift-Dir - straight line, f/p - orc
Aim: an orc, wielding a short sword (heavily wounded)
The sting hits the orc.
The orc is poisoned.
The orc is severely wounded.
The kobold misses you. The orc hits you with a short sword.
* * * LOW HITPOINT WARNING * * *
It was a potion of mutation.
You feel extremely strange.
You feel stupid.
You feel resistant to heat.
You tentacle-slap the orc. You grab the orc.
The orc is almost dead.
You constrict the orc.
You kill the orc!
The kobold hits you.
You die...

## .# .# .# .# .#
.#################
...............K@# ###
.....#####.#####)###.########
####.# #.#........#.......# #.#
#.#.###.#.#.#.####.# #.#
#.#.###..#)..#..<#.# ####.#
#.#.##..#.....#.##.#
.#...#####.#.....#.≈≈≈.#....#
.................#≈...≈#.########
.#†..#######.....#≈._.≈#.#.......


You could see a kobold.

Vanquished Creatures
  2 adders
  2 oozes (D:1)
  2 worms (D:2)
  2 dart slugs
  A leopard gecko (D:2)
  8 orcs
  A giant cockroach (D:2)
  6 goblins
  9 hobgoblins
  4 jackals (D:2)
  4 kobolds
  A quokka (D:2)
  A ball python (D:2)
  6 bats
  5 rats
54 creatures vanquished.

Notes
Turn   | Place    | Note
-------+----------+-------------------------------------------
     0 | D:1      | Nattfarinn the Octopode Venom Mage began the quest for the Orb.
     0 | D:1      | Reached XP level 1. HP: 11/11 MP: 3/3
   192 | D:1      | Reached skill level 4 in Poison Magic
   192 | D:1      | Reached XP level 2. HP: 7/17 MP: 0/5
   776 | D:1      | Reached XP level 3. HP: 21/21 MP: 3/6
  1262 | D:2      | Found a sacrificial altar of Ru.
  1558 | D:2      | Found a burning altar of Makhleb.
  1598 | D:2      | Reached skill level 5 in Poison Magic
  1811 | D:2      | Found a white marble altar of Elyvilon.
  2019 | D:2      | Reached XP level 4. HP: 27/27 MP: 5/7
  2087 | D:2      | Found a hazy altar of Hepliaklqana.
  2398 | D:3      | Found a blossoming altar of Fedhas.
  2723 | D:2      | HP: 1/27 [orc/short sword (4)]
  2724 | D:2      | Gained mutation: You are dopey. (Int -2) [potion of mutation]
  2724 | D:2      | Gained mutation: Your flesh is heat resistant. (rF+) [potion of mutation]
  2725 | D:2      | Slain by a kobold

Skill      XL: |  1  2  3 |
---------------+----------+-----
Poison Magic   | 4 5 |  5.3
Dodging        | |  2.0
Stealth        | |  2.6
Spellcasting   | |  2.9
Conjurations   | |  1.8

Action                   |  1- 3 |  4- 6 || total
-------------------------+-------+-------++-------
Melee: Unarmed           |    47 |     9 ||    56
       Tentacles         |    10 |     2 ||    12
       Constrict         |    11 |     4 ||    15
 Cast: Sting             |    56 |    40 ||    96
  Use: Potion            |       |     2 ||     2
  Eat: Chunk             |     3 |     3 ||     6
Armor: Skin              |     1 |     2 ||     3
Dodge: Dodged            |    28 |    16 ||    44
